 Dungeon Crawl Stone Soup version 0.30.2 (webtiles) character file.

Game seed: 5523767511577383260

73 porpoise the Slasher (level 4, -3/37 HPs)
             Began as a Minotaur Hexslinger on Jan 22, 2024.
             Slain by Sigmund
             ... wielding a +0 scythe
              (12 damage)
             ... on level 2 of the Dungeon.
             The game lasted 00:03:11 (1295 turns).

porpoise the Slasher (Minotaur Hexslinger)          Turns: 1295, Time: 00:03:12

Health: -3/37      AC:  6    Str: 14    XL:     4   Next: 8%
Magic:  4/4        EV:  9    Int: 10    God:
Gold:   95         SH:  0    Dex: 13    Spells: 4/5 levels left

rFire   . . .        b - +0 falchion
rCold   . . .        (no shield)
rNeg    . . .        m - +0 scale mail
rPois   .            (helmet restricted)
rElec   .            (no cloak)
rCorr   .            (no gloves)
SInv    .            (no boots)
Will    .....        (no amulet) Stlth
                     (no ring)
HPRegen 0.26/turn    (no ring)
MPRegen 0.09/turn

%: no passive effects
@: no status effects
A: horns 2, retaliatory headbutt
a: no special abilities


You were on level 2 of the Dungeon.
You visited 1 branch of the dungeon, and saw 2 of its levels.

You collected 95 gold pieces.

Inventory:

Hand Weapons
 a - a +1 sling
 b - a +0 falchion (weapon)
Missiles
 i - 4 poisoned darts
Armour
 c - a +0 robe
 m - a +0 scale mail (worn)
Scrolls
 e - a scroll of vulnerability {unknown}
 g - 2 scrolls of poison
 k - a scroll of magic mapping {unknown}
 n - a scroll of summoning {unknown}
Potions
 d - 2 potions of curing
 f - 3 potions of flight
 h - a potion of brilliance
 j - a potion of might
 l - 2 potions of cancellation


   Skills:
 + Level 2.8 Fighting
 * Level 3.3 Long Blades
 - Level 2.5 Ranged Weapons
 - Level 2.1 Dodging
 - Level 1.0 Spellcasting
 - Level 2.0 Hexes


You had 4 spell levels left.
You knew the following spells:

 Your Spells              Type           Power      Damage    Failure   Level
a - Slow                  Hex            16%        N/A       56%         1

Your spell library contained the following spells:

 Spells                   Type           Power      Damage    Failure   Level
 Sting                    Tmut/Pois      0%         1d3       83%         1
 Poisonous Vapours        Pois/Air       0%         N/A       93%         2
 Inner Flame              Hex/Fire       2%         N/A       97%         3
 Portal Projectile        Hex/Tloc       4%         N/A       97%         3
 Cause Fear               Hex            2%         N/A       100%        4
 Olgreb's Toxic Radiance  Pois           0%         N/A       100%        4


Dungeon Overview and Level Annotations

Branches:
Dungeon (2/15)

Altars:

Annotations:
D:2 Sigmund


Innate Abilities, Weirdness & Mutations

You have a pair of horns on your head.
You reflexively headbutt those who attack you in melee.


Message History

Sigmund flickers and vanishes!
Deactivating autopickup; reactivate with Ctrl-A.
b - a +0 falchion (weapon)
The adder bites you.
You are poisoned.
The adder poisons you!
You hit the adder.
The adder is heavily wounded.
You feel sick. The adder bites you. The adder closely misses you.
You furiously retaliate!
You headbutt the adder!
You kill the adder!
You have reached level 4!
You feel agile.
You feel sick.
You hit the goblin.
You kill the goblin!
You feel sick. Something hits you.
You feel sick.
You are no longer poisoned.
Things that are here:
a +0 club; a goblin corpse You closely miss something.
You headbutt something. Something hits you.
You closely miss something.
You hear some strange, mumbled words.
You are confused.
You miss something. Your headbutt misses something.
Something hits you but does no damage.
You hit something. You headbutt something. Something hits you.
You're too confused to move!
You hit something. Your headbutt misses something.
You bump into the rock wall.
You feel less confused. Something hits you.
You hit something. Something hits you.
You closely miss something. Your headbutt misses something. You miss something.
Your headbutt misses something. Something hits you!
You completely miss something. Something hits you.
* * * LOW HITPOINT WARNING * * *
You miss something. Something hits you!
You die...

#.########.# #. .#
#...<..<.#.# #.#.
########.#.# #...
###.#.###..#
#......@...#
#<########.# #.#
#.# #### #.# #[#
...# ##.## #@#
##.###...#######.#
#.....#.........#
##.###...#########
...####.## ....#
#.# ###.###.#
#.....# #######


There were no monsters in sight!

Vanquished Creatures
  3 adders (D:2)
  A worm (D:2)
  2 dart slugs
  3 ball pythons
  4 bats
  3 endoplasms (D:1)
  A giant cockroach (D:2)
  5 goblins
  7 hobgoblins
  2 quokkas (D:1)
  4 rats
35 creatures vanquished.

Notes
Turn   | Place    | Note
-------+----------+-------------------------------------------
     0 | D:1      | porpoise the Minotaur Hexslinger began the quest for the
                  | Orb.
     0 | D:1      | Reached XP level 1. HP: 16/16 MP: 1/1
   151 | D:1      | Reached skill level 1 in Long Blades
   151 | D:1      | Reached XP level 2. HP: 20/24 MP: 2/2
   386 | D:1      | Reached skill level 2 in Long Blades
   506 | D:2      | Noticed Sigmund
   562 | D:2      | Reached XP level 3. HP: 27/29 MP: 3/3
  1224 | D:2      | Reached skill level 3 in Long Blades
  1281 | D:2      | Reached XP level 4. HP: 28/37 MP: 4/4
  1295 | D:2      | Slain by Sigmund

Illustrated notes

Levels and vault maps discovered:
D:1:      nicolae_arrival_memento_mori, layout_basic
D:2:      layout_loops_ring, uniq_sigmund

Skill      XL: |  1  2  3 |
---------------+----------+-----
Long Blades    | 1 2 3 |  3.3
Fighting       | 2 |  2.8
Ranged Weapons | |  2.5
Dodging        | |  2.1
Spellcasting   | |  1.0
Hexes          | |  2.0

Action                     |  1- 3 |  4- 6 || total
---------------------------+-------+-------++-------
  Melee: Falchion          |    24 |    11 ||    35
         Headbutt          |     1 |     2 ||     3
         Punch             |     1 |       ||     1
   Fire: Sling             |    72 |       ||    72
    Use: Scroll            |     5 |       ||     5
 Armour: Robe              |     7 |       ||     7
         Scale mail        |    20 |     1 ||    21
  Dodge: Dodged            |    55 |       ||    55
